 Dungeon Crawl Stone Soup version 0.18.1-50-g88ac8fd (webtiles) character file.

3626 magog001 the Cleaver (level 9, -1/72 HPs)
             Began as a Demonspawn Gladiator on Sept 1, 2017.
             Slain by a yak (5 damage)
             ... on level 8 of the Dungeon on Sept 2, 2017.
             The game lasted 00:43:12 (8479 turns).

magog001 the Cleaver (Demonspawn Gladiator)         Turns: 8479, Time: 00:43:13

Health: -1/72      AC: 14    Str: 23    XL:     9   Next: 87%
Magic:  0/9        EV: 10    Int: 12    God:
Gold:   62         SH:  0    Dex: 14    Spells: 0 memorised, 8 levels left

rFire  . . .     SeeInvis +     a - +1 war axe
rCold  . . .     Gourm    .     o - +1 plate armour
rNeg   . . .     Faith    .     (no shield)
rPois  .         Spirit   +     (helmet unavailable)
rElec  .         Dismiss  .     (no cloak)
rCorr  +         Reflect  .     (no gloves)
SustAt .         Harm     .     (no boots)
MR     +....                    n - amulet of guardian spirit
Stlth  ..........               m - ring of resist corrosion
                                q - ring of protection from magic

@: mighty, somewhat resistant to hostile enchantments, extremely unstealthy
A: antennae 3, clever 1, powered by pain 1, regeneration 1, evolution 1, rot
immunity, MP-powered wands, sturdy frame 2
a: no special abilities


You were on level 8 of the Dungeon.
You were not hungry.

You visited 1 branch of the dungeon, and saw 8 of its levels.
You also visited: Sewer.

You collected 446 gold pieces.
You spent 384 gold pieces at shops.

Inventory:

Hand Weapons
 a - a +1 war axe (weapon)
 d - a cursed -3 hunting sling
 g - a +0 blowgun
Missiles
 i - 61 poisoned needles
 u - 24 sling bullets
Armour
 o - a +1 plate armour (worn)
Jewellery
 m - a ring of resist corrosion (right hand)
 n - an amulet of guardian spirit (around neck)
 q - a ring of protection from magic (left hand)
Wands
 b - a wand of disintegration (8/24)
 c - a wand of iceblast (10/15)
Scrolls
 h - 2 scrolls of fog
 v - 9 scrolls of identify
 x - a scroll of enchant weapon
 y - a scroll of magic mapping
Potions
 l - a potion of flight
 p - a potion of might
 r - a potion of curing
 s - 3 potions of brilliance
 t - a potion of invisibility {unknown}
 w - a potion of lignification {unknown}
 A - a potion of ambrosia {unknown}
 B - a potion of agility {unknown}
Miscellaneous
 E - a plain deck of summoning
 F - a plain deck of wonders
Comestibles
 f - 9 bread rations
 j - 8 royal jellies
 C - 6 fruits


   Skills:
 * Level 7.3 Fighting
 * Level 8.3 Axes
 - Level 1.8 Throwing
 * Level 7.2 Armour
 + Level 4.1 Dodging
 + Level 0.6 Stealth


You had 8 spell levels left.
You didn't know any spells.

Dungeon Overview and Level Annotations

Branches:
Dungeon (9/15)             Temple (0/1) D:6
   Lair: D:8-11         Orc: D:9-12

Altars:
Dithmenos
Fedhas
Makhleb
Ru
Trog
Vehumet
Xom
Yredelemnul

Shops:
D:8 }?=((


Innate Abilities, Weirdness & Mutations

You have a pair of large antennae on your head (SInv).
You sometimes gain a little power by taking damage.
You are immune to rotting.
Your movements are less encumbered by armour (ER -4).
Your mind is acute. (Int +2)
Your natural rate of healing is unusually fast.
You evolve.
You expend magic power (3 MP) to strengthen your wands.


Message History

You barely miss the yak. You hit the yak.
The yak is heavily wounded.
The yak gores you but does no damage. The yak gores you!
* * * LOW HITPOINT WARNING * * *
Unknown command.
You closely miss the yak. You slash the yak!
The yak is severely wounded.
The yak gores you!
* * * LOW HITPOINT WARNING * * *
You focus on the pain.
You feel very mighty all of a sudden. The yak barely misses you.
Drink which item? (? for menu, Esc to quit)
You feel better. The yak gores you!
* * * LOW HITPOINT WARNING * * *
The yak barely misses you.
Drink which item? (? for menu, Esc to quit)
You feel mightier all of a sudden. The yak gores you.
You die...

.....#..).....#....# #....##.
.....#........#...## #∩>..#..
.....#........#....#######....##.
.....#......YY#...........#...##.
.....#........+...#.......#......
.....#........#.Y.+.......#......
.....#........#...#.......#...##.
.....#........#Y###.......######.
.....#.........Y@..............#.
.....#.........................'.
.....#.........................#.
.....#.........∩..............(#.
#+####............<............#.
....#####.....######+#####.....##
....'...#.....#....#.....#.....#.
....#...#.....'....#.....#.....#.
....#...#.....#....'.....+.[...'.


You could see 2 yaks.

Vanquished Creatures
  Joseph (D:8)
  A kobold demonologist (Sewer)
  Grinder (Sewer)
  A yak (D:8)
  A hippogriff (D:7)
  Edmund (D:4)
  A soldier ant (D:8)
  2 orc warriors
  2 sky beasts
  A phantom (D:8)
  3 wasps (D:8)
  4 ogres
  2 big kobolds
  A giant frog (D:7)
  A scorpion (D:8)
  A crimson imp (D:7)
  4 giant frog zombies
  3 hounds (D:8)
  A jelly (D:5)
  An orc priest (D:5)
  3 orc wizards
  3 centaur skeletons
  A giant frog skeleton (D:8)
  3 iguanas
  3 worker ants
  A killer bee zombie (D:8)
  A sheep (D:6)
  4 big kobold zombies (Sewer)
  A howler monkey skeleton (D:8)
  14 adders
  4 shadow imps
  4 oozes (D:1)
  2 adder zombies
  2 adder skeletons (D:8)
  5 giant geckos
  12 orcs
  A bat zombie (Sewer)
  4 giant cockroaches
  6 goblins (D:1)
  3 hobgoblins (D:1)
  9 jackals
  26 kobolds
  5 quokkas
  6 ball pythons
  7 bats
  2 giant newts (D:1)
  A jackal zombie (D:8)
  A kobold zombie (Sewer)
  A quokka skeleton (D:5)
  A quokka zombie (D:8)
  4 rats
173 creatures vanquished.

Vanquished Creatures (others)
  2 big kobold zombies (Sewer)
  A kobold zombie (Sewer)
3 creatures vanquished.

Grand Total: 176 creatures vanquished

Notes
Turn   | Place    | Note
--------------------------------------------------------------
     0 | D:1      | magog001 the Demonspawn Gladiator began the quest for the Orb.
     0 | D:1      | Reached XP level 1. HP: 16/16 MP: 1/1
    47 | D:1      | Reached skill level 3 in Axes
    47 | D:1      | Gained mutation: You are immune to rotting. [demonic ancestry]
    47 | D:1      | Reached XP level 2. HP: 22/22 MP: 2/2
   360 | D:1      | HP: 1/22 [hobgoblin (5)]
   705 | D:1      | Reached XP level 3. HP: 27/27 MP: 3/3
  1080 | D:1      | Reached skill level 1 in Armour
  1259 | D:2      | Gained mutation: Your movements are slightly less encumbered by armour (ER -2). [demonic ancestry]
  1259 | D:2      | Reached XP level 4. HP: 32/34 MP: 4/4
  1321 | D:2      | You fall through a shaft for 2 floors!
  1690 | D:4      | Found a radiant altar of Vehumet.
  1934 | D:4      | Gained mutation: You have a pair of small antennae on your head. [demonic ancestry]
  1934 | D:4      | Reached XP level 5. HP: 24/39 MP: 3/5
  2629 | D:4      | Noticed Edmund
  2657 | D:4      | Killed Edmund
  2657 | D:4      | Reached skill level 4 in Axes
  2657 | D:4      | Gained mutation: You sometimes gain a little power by taking damage. [demonic ancestry]
  2657 | D:4      | Reached XP level 6. HP: 20/47 MP: 3/6
  3085 | D:5      | Entered Level 5 of the Dungeon
  3318 | D:5      | Found a shadowy altar of Dithmenos.
  3412 | D:5      | Gained mutation: You have a pair of antennae on your head. [potion of mutation]
  3513 | D:5      | Found a glowing drain.
  3517 | Sewer    | Entered a sewer
  3715 | Sewer    | Gained mutation: Your movements are less encumbered by armour (ER -4). [demonic ancestry]
  3715 | Sewer    | Reached XP level 7. HP: 46/53 MP: 7/7
  3868 | Sewer    | Found a burning altar of Makhleb.
  3892 | Sewer    | Noticed an apprentice kobold demonologist
  3918 | Sewer    | Killed an apprentice kobold demonologist
  3918 | Sewer    | Reached skill level 5 in Axes
  4027 | Sewer    | Noticed Grinder
  4052 | Sewer    | Killed Grinder
  4052 | Sewer    | Reached skill level 5 in Fighting
  4052 | Sewer    | Reached XP level 8. HP: 44/62 MP: 5/8
  4270 | D:5      | Reached skill level 6 in Axes
  4318 | D:5      | Found a blossoming altar of Fedhas.
  4320 | D:5      | Found a sacrificial altar of Ru.
  4663 | D:6      | Found a bloodstained altar of Trog.
  5000 | D:6      | Found a staircase to the Ecumenical Temple.
  5083 | D:6      | Reached skill level 5 in Armour
  5496 | D:6      | Found a basalt altar of Yredelemnul.
  5496 | D:6      | Found a burning altar of Makhleb.
  6208 | D:7      | Reached skill level 7 in Axes
  6208 | D:7      | Gained mutation: You have a pair of large antennae on your head (SInv). [demonic ancestry]
  6208 | D:7      | Reached XP level 9. HP: 40/69 MP: 3/9
  6466 | D:7      | Gained mutation: Your natural rate of healing is unusually fast. [mutagenic meat]
  6467 | D:7      | Gained mutation: You expend magic power (3 MP) to strengthen your wands. [mutagenic meat]
  6468 | D:7      | Gained mutation: Your mind is acute. (Int +2) [mutagenic meat]
  6469 | D:7      | Gained mutation: You evolve. [mutagenic meat]
  6698 | D:8      | Found Fiselaid's Gadget Shop.
  6709 | D:8      | Found a shimmering altar of Xom.
  6714 | D:8      | Bought a plain deck of summoning for 140 gold pieces
  6714 | D:8      | Bought a plain deck of wonders for 140 gold pieces
  6975 | D:8      | Found Wutuiser's Magic Scroll Shop.
  7009 | D:8      | Bought a scroll of identify for 26 gold pieces
  7009 | D:8      | Bought a scroll of identify for 26 gold pieces
  7009 | D:8      | Bought a scroll of identify for 26 gold pieces
  7009 | D:8      | Bought a scroll of identify for 26 gold pieces
  7686 | D:8      | Found Vivogg's Weapon Shoppe.
  7698 | D:8      | Found Jady's Jewellery Emporium.
  8178 | D:8      | Found Gezump's Weapon Boutique.
  8212 | D:8      | Noticed Joseph
  8234 | D:8      | Killed Joseph
  8234 | D:8      | Reached skill level 8 in Axes
  8242 | D:8      | Got a smoking robe
  8253 | D:8      | Identified the cursed +0 robe of Altruism {Str+5} (You found it on level 8 of the Dungeon)
  8479 | D:8      | Slain by a yak

Skill      XL: |  1  2  3  4  5  6  7  8  9 |
---------------+----------------------------+-----
Axes           | 3 4 5 7 8 |  8.3
Dodging        | 3 4 |  4.1
Armour         | 1 2 3 4 5 7 |  7.2
Fighting       | 3 5 6 7 |  7.3
Throwing       | |  1.8
Stealth        | |  0.6

Action                   |  1- 3 |  4- 6 |  7- 9 || total
-------------------------+-------+-------+-------++-------
Melee: War axe           |    88 |   254 |   486 ||   828
Throw: Throwing net      |       |       |     3 ||     3
  Use: Scroll            |       |     6 |     8 ||    14
       Potion            |       |     3 |    13 ||    16
 Stab: Held in net/web   |       |       |     1 ||     1
  Eat: Chunk             |     1 |     6 |     8 ||    15
       Beef jerky        |       |     2 |     2 ||     4
       Meat ration       |       |       |     1 ||     1
       Pizza             |       |       |     2 ||     2
       Royal jelly       |       |       |     1 ||     1
Armor: Leather armour    |    34 |       |       ||    34
       Plate armour      |       |   195 |   327 ||   522
Dodge: Dodged            |    72 |   110 |   248 ||   430
